 Dungeon Crawl Stone Soup version 0.21-a0-509-gecc5317 (webtiles) character file.

22 KristoblXynda the Caller (level 2, 0/15 HPs)
             Began as a Tengu Summoner on Nov 29, 2017.
             Slain by a hobgoblin
             ... wielding a +0 club
              (3 damage)
             ... on level 1 of the Dungeon.
             The game lasted 00:01:52 (984 turns).

KristoblXynda the Caller (Tengu Summoner)            Turns: 984, Time: 00:01:52

Health: 0/15       AC:  2    Str:  8    XL:     2   Next: 91%
Magic:  4/6        EV: 12    Int: 15    God:
Gold:   11         SH:  0    Dex: 14    Spells: 4/5 levels left

rFire    . . .     SeeInvis .   e - +0 short sword
rCold    . . .     Gourm    .   (no shield)
rNeg     . . .     Faith    .   a - +0 robe
rPois    .         Spirit   .   (helmet restricted)
rElec    .         Reflect  .   (no cloak)
rCorr    .         Harm     .   (no gloves)
MR       .....                  (boots unavailable)
Stlth    ++........             (no amulet)
HPRegen  0.05/turn              (no ring)
MPRegen  0.10/turn              (no ring)

@: very slightly contaminated
A: beak, talons 3
a: no special abilities


You were on level 1 of the Dungeon.
You were not hungry.

You visited 1 branch of the dungeon, and saw 1 of its levels.

You collected 11 gold pieces.

Inventory:

Hand Weapons
 e - a +0 short sword (weapon)
Armour
 a - a +0 robe (worn)
Scrolls
 f - a scroll of identify {unknown}
 h - 3 scrolls of magic mapping {unknown}
 i - a scroll of teleportation {unknown}
Potions
 d - a potion of curing {unknown}
Books
 b - a book of Callings

   Spells                             Type                      Level
   a - Summon Small Mammal            Summoning                    1
   b - Call Imp                       Summoning                    2
   c - Call Canine Familiar           Summoning                    3
   d - Summon Guardian Golem          Hexes/Summoning              3
   e - Summon Lightning Spire         Summoning/Air                4
   f - Summon Ice Beast               Ice/Summoning                4
Comestibles
 c - 4 bread rations
 g - a royal jelly
 j - a meat ration


   Skills:
 - Level 2.1 Dodging
 + Level 2.6 Stealth
 + Level 2.3 Spellcasting
 + Level 5.1 Summonings


You had 4 spell levels left.
You knew the following spells:

 Your Spells              Type           Power        Failure   Level  Hunger
a - Summon Small Mammal   Summ           ###.         2%          1    #......


Dungeon Overview and Level Annotations

Branches:
Dungeon (1/15)

Altars:


Innate Abilities, Weirdness & Mutations

You have a beak for a mouth.
You have claws for feet.


Message History

Confirm with . or Enter, or press ? or * to list all spells.
You miscast Summon Small Mammal.
You are very lightly contaminated with residual magic.
The world appears momentarily distorted.
The hobgoblin hits you but does no damage.
Casting: Summon Small Mammal
Confirm with . or Enter, or press ? or * to list all spells.
The hobgoblin hits you with a club.
* * * LOW HITPOINT WARNING * * *
The hobgoblin hits your bat with a club.
Your bat hits the hobgoblin but does no damage.
Your bat hits the hobgoblin but does no damage. x2
You hit the hobgoblin but do no damage.
You peck the hobgoblin, but do no damage.
Your bat closely misses the hobgoblin.
The hobgoblin hits you but does no damage.
You closely miss the hobgoblin.
You claw the hobgoblin, but do no damage.
Your bat barely misses the hobgoblin.
The hobgoblin hits you with a club.
You die...

#.....# #........# #.....#
#........# #.....# #........#
....#!#.# #........### .####J#.#
#..........# .....w#.#
#..........#
####..#.############..........###
....#...(.....b..#..........##.
#.#.####)...).g@.......((....##.
#.#.#>..................(....##.
# #.#.##.########.########...##.
#.#)##.########.#########..##.
#.#........................(..
#.##.########.##########..##
#(##.# ##.##### #..# #.##.#
#......# #..# #.##.# #......#
#..#


You could see a hobgoblin and a friendly bat.

Vanquished Creatures
  2 dart slugs (D:1)
  A giant cockroach (D:1)
  2 goblins (D:1)
  2 hobgoblins (D:1)
  4 kobolds (D:1)
  2 bats (D:1)
  3 frilled lizards (D:1)
  2 rats (D:1)
18 creatures vanquished.

Vanquished Creatures (collateral kills)
  A kobold (D:1)
  A frilled lizard (D:1)
2 creatures vanquished.

Grand Total: 20 creatures vanquished

Notes
Turn   | Place    | Note
-------+----------+-------------------------------------------
     0 | D:1      | KristoblXynda the Tengu Summoner began the quest for the Orb.
     0 | D:1      | Reached XP level 1. HP: 10/10 MP: 4/4
   252 | D:1      | Reached skill level 5 in Summonings
   252 | D:1      | Reached XP level 2. HP: 12/15 MP: 3/6
   984 | D:1      | Slain by a hobgoblin

Vault maps used:
D:1:      dpeg_arrival_arbitrary_c

Skill      XL: |  1 |
---------------+----+-----
Summonings     | 5 |  5.1
Dodging        | |  2.1
Stealth        | |  2.6
Spellcasting   | |  2.3

Action                   || total
-------------------------++-------
Melee: Unarmed           ||    16
       Kick              ||    14
       Peck              ||     6
       Short sword       ||    32
 Cast: Summon Small Mamm ||     9
 Stab: Sleeping          ||     3
Armor: Robe              ||    10
Dodge: Dodged            ||    27

Table legend:
 A = Spawn XP
 B = Non-spawn XP
 C = Spawn XP percentage of total XP
 D = Spawn monster count
 E = Non-spawn monster count
 F = Spawn count percentage of total count
 G = Total turns spent on level
                    A         B        C        D         E        F      G
               +---------+---------+-------+---------+---------+-------+---------
         Total |       0 |      32 |   0.0 |       0 |      20 |   0.0 |   984
               +---------+---------+-------+---------+---------+-------+---------
           D:1 |       0 |      32 |   0.0 |       0 |      20 |   0.0 |   984
               +---------+---------+-------+---------+---------+-------+---------
